 Dungeon Crawl Stone Soup version 0.23.2-33-g5129a83184 (webtiles) character file.

Game seed: 3433295377867878724

28 Aesthetico the Firebug (level 2, 0/20 HPs)
             Began as a Centaur Fire Elementalist on July 18, 2019.
             Succumbed to a goblin's poison
             ... on level 1 of the Dungeon.
             The game lasted 00:02:42 (711 turns).

Aesthetico the Firebug (Centaur Fire Elementalist)   Turns: 711, Time: 00:02:42

Health: 0/20       AC:  4    Str: 10    XL:     2   Next: 96%
Magic:  2/4        EV:  9    Int: 14    God:
Gold:   34         SH:  0    Dex:  9    Spells: 3/4 levels left

rFire    . . .     SeeInvis +   b - +1 short sword
rCold    . . .     Gourm    .   (no shield)
rNeg     . . .     Faith    .   a - +0 robe
rPois    .         Spirit   .   (no helmet)
rElec    .         Reflect  .   (no cloak)
rCorr    .         Harm     .   (no gloves)
MR       .....                  (no barding)
Stlth    +.........             (no amulet)
HPRegen  0.06/turn              i - ring of see invisible
MPRegen  0.09/turn              (no ring)

@: lethally poisoned (0 -> -9), about to teleport, very quick
A: large, hooves 3, deformed body, speed 2, tough skin 3
a: no special abilities


You were on level 1 of the Dungeon.
You were full.

You visited 1 branch of the dungeon, and saw 1 of its levels.

You collected 34 gold pieces.

Inventory:

Hand Weapons
 b - a +1 short sword (weapon)
Armour
 a - a +0 robe (worn)
Jewellery
 i - a ring of see invisible (left hand)
Potions
 e - a potion of resistance
Comestibles
 c - 3 rations
 g - a chunk of flesh


   Skills:
 - Level 1.3 Dodging
 - Level 1.1 Stealth
 - Level 1.5 Spellcasting
 - Level 0.8 Conjurations
 + Level 3.8 Fire Magic


You had 3 spell levels left.
You knew the following spells:

 Your Spells              Type           Power        Failure   Level  Hunger
a - Flame Tongue          Conj/Fire      #....        10%         1    ##.....

Your spell library contained the following spells:

 Spells                   Type           Power        Failure   Level  Hunger
 Throw Flame              Conj/Fire      #.....       14%         2    ###....
 Conjure Flame            Conj/Fire      #.......     28%         3    ####...
 Inner Flame              Hex/Fire       #.......     34%         3    ####...
 Sticky Flame             Conj/Fire      #.......     67%         4    #####..
 Fireball                 Conj/Fire      #.........   95%         5    ######.


Dungeon Overview and Level Annotations

Branches:
Dungeon (1/15)

Altars:


Innate Abilities, Weirdness & Mutations

You have hooves in place of feet.
Armour fits poorly on your strangely shaped body.
You cover ground very quickly.
You have extremely tough skin. (AC +3)


Message History

* * * LOW HITPOINT WARNING * * *
You feel sick.
As you read the scroll labeled HUFFYEDATE, it crumbles to dust.
It is a scroll of enchant weapon.
Your +0 short sword glows red for a moment.
* * * LOW HITPOINT WARNING * * *
You feel sick.
As you read the scroll labeled BALAYM UTUEC, it crumbles to dust.
You feel strangely unstable.
It was a scroll of teleportation.
* * * LOW HITPOINT WARNING * * *
You feel sick.
As you read the scroll labeled QELAHY BIZUA, it crumbles to dust.
It is a scroll of identify.
i - an uncursed ring of see invisible Put on which piece of jewellery? (? for menu, Esc to quit)
i - a ring of see invisible (left hand)
* * * LOW HITPOINT WARNING * * *
You feel sick.
You eat one of the 4 rations.
That ration really hit the spot!
You die...

#...# #...#
####...######
..........(.## #.
.............# ..
.............### .#
####...###.....# .#
##.......###.###..#
#.....#..# #..@...#
#.###.#..###.####.#
#.# #.#>.....#
##.###.#.######
##......#.#####
..............#
######.######..
.....#.# ####.#†#


There were no monsters in sight!

Vanquished Creatures
  An ooze (D:1)
  3 dart slugs (D:1)
  2 giant cockroaches (D:1)
  2 goblins (D:1)
  2 hobgoblins (D:1)
  2 bats (D:1)
  3 kobolds (D:1)
  3 rats (D:1)
18 creatures vanquished.

Notes
Turn   | Place    | Note
-------+----------+-------------------------------------------
     0 | D:1      | Aesthetico the Centaur Fire Elementalist began the quest
                  | for the Orb.
     0 | D:1      | Reached XP level 1. HP: 14/14 MP: 3/3
   262 | D:1      | Reached skill level 3 in Fire Magic
   405 | D:1      | Reached XP level 2. HP: 20/20 MP: 4/4
   709 | D:1      | HP: 1/20 [poisoned by a goblin]
   711 | D:1      | Succumbed to a goblin's poison

Skill      XL: |  1 |
---------------+----+-----
Fire Magic     | 3 |  3.8
Dodging        | |  1.3
Stealth        | |  1.1
Spellcasting   | |  1.5
Conjurations   | |  0.8

Action                   || total
-------------------------++-------
Melee: Short sword       ||    31
       Kick              ||     1
 Cast: Flame Tongue      ||    17
  Use: Scroll            ||     3
       Potion            ||     2
  Eat: Ration            ||     1
Armor: Robe              ||    10
Dodge: Dodged            ||    18
